 Dungeon Crawl Stone Soup version bcrawl-1.17.1 (webtiles) character file.

Game seed: 4248101835688297137

54 Drashi the Insei (level 3, -2/23 HPs)
             Began as an Octopode Transmuter on Oct 13, 2019.
             Slain by a worm (10 damage)
             ... on level 2 of the Dungeon.
             The game lasted 00:10:14 (1664 turns).

Drashi the Insei (Octopode Transmuter)              Turns: 1664, Time: 00:10:15

Health: -2/23      AC:  1    Str: 10    XL:     3   Next: 91%
Magic:  5/6        EV: 13    Int: 15    God:
Gold:   36         SH:  0    Dex: 12    Spells: 5/6 levels left

rFire    . . .     SeeInvis .     - Unarmed
rCold    . . .     Gourm    .   (no shield)
rNeg     . . .     Faith    .   (helmet restricted)
rPois    .         Spirit   .   (cloak restricted)
rElec    .         Reflect  .   (no amulet)
rCorr    .         Harm     .   h - ring of teleportation (curse)
MR       .....     Rnd*Tele +   (no ring)
Stlth    +++.......             (no ring)
HPRegen  0.07/turn              (no ring)
MPRegen  0.10/turn              (no ring)
                                (no ring)
                                (no ring)
                                (no ring)

@: appendage
A: almost no armour, stealthy swim, amphibious, 8 rings, constrict 8, tentacle
spike 3, camouflage 1, gelatinous body 1
a: End Transformation


You were on level 2 of the Dungeon.
You were not hungry.
One of your tentacles had a temporary spike.
You visited 1 branch of the dungeon, and saw 2 of its levels.

You collected 36 gold pieces.

Inventory:

Hand Weapons
 f - a +0 club
 i - a +0 club
 k - a +0 hunting sling
Missiles
 a - 120 arrows
 b - 505 stones (quivered)
Armour
 l - a +0 robe
 n - a +2 large shield
Jewellery
 h - a cursed ring of teleportation (left tentacle)
Scrolls
 j - 3 scrolls of identify
 m - 2 scrolls of blinking
 p - a scroll of noise {unknown}
 q - a scroll of enchant weapon {unknown}
Potions
 c - a potion of lignification
 e - a potion of ambrosia {unknown}
 g - a potion of heal wounds {unknown}
Comestibles
 d - 7 rations {!d}


   Skills:
 + Level 1.0 Fighting
 + Level 2.5 Dodging
 + Level 1.4 Stealth
 + Level 4.0 Unarmed Combat
 + Level 2.1 Spellcasting
 + Level 2.1 Transmutations


You had 5 spell levels left.
You knew the following spells:

 Your Spells              Type           Power        Failure   Level  Hunger
a - Beastly Appendage     Tmut           #.....       9%          1    #......

Your spell library contained the following spells:

 Spells                   Type           Power        Failure   Level  Hunger
 Sticks to Snakes         Tmut           #.......     14%         2    ###....
 Spider Form              Tmut/Pois      #..          38%         3    ###....
 Ice Form                 Ice/Tmut       #.......     80%         4    #####..
 Blade Hands              Tmut           #.........   94%         5    ######.


Dungeon Overview and Level Annotations

Branches:
Dungeon (2/12)

Altars:


Innate Abilities, Weirdness & Mutations

You cannot wear most types of armour.
You are very stealthy in the water. (Stealth+)
You are amphibious.
You can wear up to eight rings at the same time.
You can use your tentacles to constrict eight enemies at once.
Your skin changes colour to match your surroundings (Stealth+).
Your rubbery body absorbs attacks. (AC +1, EV +1)
One of your tentacles bears a large vicious spike.


Message History

Found a stone staircase leading up.
You tentacle-slap the worm. You grab the worm.
The worm is moderately wounded.
You constrict the worm. The worm bites you!
You are too injured to fight recklessly!
You are too injured to fight recklessly!
You are too injured to fight recklessly!
You release your grip on the worm.
All of the chunks of flesh in your inventory have rotted away.
Casting: Beastly Appendage (safe; 9% risk of failure)
Confirm with . or Enter, or press ? or * to list all spells.
One of your tentacles grows a vicious spike.
You are too injured to fight recklessly!
You tentacle-slap the worm. You grab the worm.
You pierce the worm.
The worm is moderately wounded.
You constrict the worm. You tentacle-slap the worm.
You pierce the worm.
The worm is heavily wounded.
You constrict the worm. The worm bites you!
You die...

..###.#..####...#
###..........# ..#
#...... #.#
#...........
..####...#.####.##
#...........
#.†#...#...†.....###
#........... ##.#.####
#.....†.###.###.###.#.
##.#.#
#####....##..##.# #...
##.#.# #.#......##.#
#.. ##...#
#.#.####..#.# . ....##
#@#.. #...# ###.##
#w##.###....# # #..#
#K# ...#..#.# ####.#
#.###.....#... .# #.#
#..##.....#... .# #.#
##........... .# #.#
####K.....## .# #.#
.......# .###.#
##......#


You could see a worm and a kobold.

Vanquished Creatures
  An ooze (D:1)
  2 worms (D:2)
  3 dart slugs
  4 leopard geckos
  An orc (D:2)
  2 bats
  A giant cockroach (D:1)
  6 goblins
  2 hobgoblins (D:1)
  A frilled lizard (D:2)
  5 kobolds
  6 rats
34 creatures vanquished.

Notes
Turn   | Place    | Note
-------+----------+-------------------------------------------
     0 | D:1      | Drashi the Octopode Transmuter began the quest for the Orb.
     0 | D:1      | Reached XP level 1. HP: 13/13 MP: 3/3
   113 | D:1      | Reached XP level 2. HP: 15/18 MP: 5/5
   521 | D:1      | Reached XP level 3. HP: 23/23 MP: 6/6
   547 | D:1      | Reached skill level 1 in Stealth
  1374 | D:2      | Reached skill level 4 in Unarmed Combat
  1664 | D:2      | Slain by a worm

Skill      XL: |  1  2  3 |
---------------+----------+-----
Stealth        | 1 |  1.4
Unarmed Combat | 4 |  4.0
Fighting       | |  1.0
Dodging        | |  2.5
Spellcasting   | |  2.1
Transmutations | |  2.1

Action                   || total
-------------------------++-------
Melee: Unarmed           ||    89
       Constrict         ||    27
       Tentacles         ||    16
       Punch             ||     1
       Kick              ||     4
 Cast: Beastly Appendage ||     2
  Use: Scroll            ||     2
 Stab: Sleeping          ||     7
  Eat: Chunk             ||     2
Armor: Skin              ||     3
Dodge: Dodged            ||    35
